 Dungeon Crawl Stone Soup version 0.18.1-6-gd335043 (webtiles) character file.

80 Liquid the Magician (level 4, -2/24 HPs)
             Began as a Deep Elf Ice Elementalist on May 18, 2016.
             Slain by a gnoll (6 damage)
             ... on level 3 of the Dungeon.
             The game lasted 00:06:31 (2081 turns).

Liquid the Magician (Deep Elf Ice Elementalist)     Turns: 2081, Time: 00:06:32

Health: -2/24      AC:  3    Str:  5    XL:     4   Next: 18%
Magic:  5/12       EV:  8    Int: 21    God:
Gold:   87         SH:  0    Dex: 15    Spells: 3 memorised, 6 levels left

rFire  . . .     SeeInvis .     l - +2 mace (crush)
rCold  + . .     Gourm    .     a - +0 robe
rNeg   . . .     Faith    .     (no shield)
rPois  .         Spirit   .     (no helmet)
rElec  .         Dismiss  .     r - +0 cloak
rCorr  .         Reflect  .     (no gloves)
SustAt .         Harm     .     (no boots)
MR     .....                    (no amulet)
Stlth  ++........               (no ring)
                                h - ring of protection from cold

@: not resistant to hostile enchantments, unstealthy
A: no striking features
a: no special abilities


You were on level 3 of the Dungeon.
You were not hungry.

You visited 1 branch of the dungeon, and saw 3 of its levels.

You collected 87 gold pieces.

Inventory:

Hand Weapons
 d - a +0 dagger
 l - a +2 mace of crushing (weapon)
Armour
 a - a +0 robe (worn)
 r - a +0 cloak (worn)
Jewellery
 h - a ring of protection from cold (left hand)
Wands
 s - a wand of acid (11/15)
Scrolls
 f - a scroll of blinking {unknown}
 i - a scroll of random uselessness {unknown}
 k - a scroll of teleportation {unknown}
 m - a scroll of identify {unknown}
Potions
 e - 2 potions of might {unknown}
 g - a potion of cure mutation {unknown}
 j - 2 potions of flight {unknown}
 n - a potion of mutation {unknown}
 o - a potion of curing {unknown}
 t - a potion of heal wounds {unknown}
Books
 b - a book of Frost

   Spells                             Type                      Level
   a - Freeze                         Ice                          1
   b - Throw Frost                    Conjuration/Ice              2
   c - Ozocubu's Armour               Charms/Ice                   3
   d - Throw Icicle                   Conjuration/Ice              4
   e - Summon Ice Beast               Ice/Summoning                4
Comestibles
 c - 2 bread rations
 p - 5 fruits
 q - a slice of pizza
 u - 2 chunks of flesh
 v - a meat ration


   Skills:
 + Level 3.3 Dodging
 - Level 2.4 Stealth
 * Level 4.7 Spellcasting
 + Level 1.3 Conjurations
 + Level 4.0 Ice Magic


You had 6 spell levels left.
You knew the following spells:

 Your Spells              Type           Power        Failure   Level  Hunger
a - Freeze                Ice            ###.         1%          1    None
b - Throw Frost           Conj/Ice       ###...       8%          2    #......
c - Ozocubu's Armour      Chrm/Ice       ##......     17%         3    ##.....


Dungeon Overview and Level Annotations

Branches:
Dungeon (3/15)

Altars:

Annotations:
D:3 Britaniac's ghost, amateur GrEE


Message History

The gnoll barely misses you.
Casting: Freeze
Confirm with . or Enter, or press ? or * to list all spells.
Aiming: Freeze
Press: ? - help, Shift-Dir - straight line, f - gnoll
Aim: a gnoll You freeze the gnoll.
The gnoll is lightly wounded.
The gnoll closely misses you.
There is an open door here.
The gnoll completely misses you.
Your icy armour starts to melt.
There is a stone staircase leading down here.
Your icy armour evaporates.
The gnoll hits you!
* * * LOW HITPOINT WARNING * * *
Britaniac's ghost says, "They lied to you.
The Dungeon just goes down and down forever."
There is a stone staircase leading up here.
The gnoll hits you.
You die...

#####'###..............# ##...
#......##..............# #.(..
#......##..............# #...[
#......##.#####........# #....
#.......#.# #........# #....
#.......#.#####........###...>
#.......#.#.............######
#..)......#.###########.#
#.......W.#.#@gW........#
#........>#W##################
#.............................
#......##.#.##################
#####............)....[..# #.
####################.####.
#...... #######


You could see Britaniac's ghost and a gnoll.

Vanquished Creatures
  An adder (D:2)
  3 gnolls (D:3)
  A giant gecko (D:2)
  An orc (D:3)
  3 ball pythons
  A giant cockroach (D:1)
  3 goblins
  4 hobgoblins
  2 jackals (D:3)
  3 quokkas
  4 bats
  A giant newt (D:1)
  9 kobolds
  7 rats
43 creatures vanquished.

Notes
Turn   | Place    | Note
--------------------------------------------------------------
     0 | D:1      | Liquid the Deep Elf Ice Elementalist began the quest for the Orb.
     0 | D:1      | Reached XP level 1. HP: 10/10 MP: 6/6
   379 | D:1      | Reached XP level 2. HP: 12/15 MP: 2/8
   676 | D:1      | Learned a level 2 spell: Throw Frost
  1509 | D:2      | Reached XP level 3. HP: 16/19 MP: 1/10
  1738 | D:3      | Noticed Britaniac's ghost (amateur GrEE)
  1828 | D:3      | Learned a level 3 spell: Ozocubu's Armour
  2025 | D:3      | Reached XP level 4. HP: 24/24 MP: 0/12
  2081 | D:3      | Slain by a gnoll

Skill      XL: |  1  2  3  4 |
---------------+-------------+-----
Spellcasting   | 4 |  4.7
Dodging        | 3 |  3.3
Ice Magic      | 4 |  4.0
Stealth        | |  2.4
Conjurations   | |  1.3

Action                   |  1- 3 |  4- 6 || total
-------------------------+-------+-------++-------
Melee: Mace              |    15 |     3 ||    18
 Cast: Freeze            |    40 |     3 ||    43
       Throw Frost       |    29 |       ||    29
       Ozocubu's Armour  |     1 |       ||     1
 Stab: Sleeping          |     1 |       ||     1
  Eat: Chunk             |     4 |       ||     4
Armor: Robe              |     4 |     2 ||     6
Dodge: Dodged            |    26 |     9 ||    35
